 Dungeon Crawl Stone Soup version 0.23-a0-644-gb60d84b635 (webtiles) character file.

190 HereIgoKillingAgain the Changer (level 5, 0/55 HPs)
             Began as a Demonspawn Transmuter on Jan 1, 2019.
             Slain by a gnoll
             ... wielding a +0 halberd
              (1 damage)
             ... on level 3 of the Dungeon.
             The game lasted 00:04:00 (4294 turns).

HereIgoKillingAgain the Changer (DsTm)              Turns: 4294, Time: 00:04:00

Health: 0/55       AC: 22    Str: 10    XL:     5   Next: 41%
Magic:  1/8        EV:  2    Int: 16    God:
Gold:   45         SH:  0    Dex: 13    Spells: 2/8 levels left

rFire    . . .     SeeInvis .     - Unarmed
rCold    . . .     Gourm    .   (no shield)
rNeg     + + +     Faith    .   (armour currently unavailable)
rPois    +         Spirit   .   (helmet currently unavailable)
rElec    .         Reflect  .   (cloak currently unavailable)
rCorr    .         Harm     .   (gloves currently unavailable)
MR       .....     NoTele   +   (boots currently unavailable)
Stlth    +.........             (no amulet)
HPRegen  0.18/turn              (no ring)
MPRegen  0.11/turn              (no ring)

@: tree-form, hasted, very quick
A: no striking features
a: no special abilities


You were on level 3 of the Dungeon.
You were hungry.
You were a tree.
You visited 1 branch of the dungeon, and saw 3 of its levels.

You collected 45 gold pieces.

Inventory:

Missiles
 a - 2 arrows
Armour
 b - a +0 robe (melded)
Scrolls
 e - 3 scrolls of identify {unknown}
 f - a scroll of remove curse {unknown}
 g - a scroll of teleportation {unknown}
 h - a scroll of magic mapping {unknown}
 i - a scroll of amnesia {unknown}
Comestibles
 d - 4 rations


   Skills:
 - Level 1.0 Fighting
 - Level 1.7 Dodging
 - Level 2.6 Unarmed Combat
 - Level 2.0 Spellcasting
 + Level 5.2 Transmutations


You had 2 spell levels left.
You knew the following spells:

 Your Spells              Type           Power        Failure   Level  Hunger
a - Beastly Appendage     Tmut           ###...       2%          1    #......
b - Sticks to Snakes      Tmut           ###.....     3%          2    ###....
c - Spider Form           Tmut/Pois      ##........   22%         3    ###....

Your spell library contained the following spells:

 Spells                   Type           Power        Failure   Level  Hunger
 Blade Hands              Tmut           ###.......   54%         5    ######.
 Ice Form                 Ice/Tmut       ##......     56%         4    #####..


Dungeon Overview and Level Annotations

Branches:
Dungeon (3/15)

Altars:
Ru
Wu Jian


Innate Abilities, Weirdness & Mutations

((You have large cloven feet.))
((Your flesh is heat resistant. (rF+)))


Message History

You cannot move.
You aren't carrying any items that you can evoke.
Casting: Spider Form (safe; 22% risk of failure)
Confirm with . or Enter, or press ? or * to list all spells.
You create a snake!
You now have 4 arrows.
The gnoll hits you but does no damage.
Casting: Sticks to Snakes (safe; 3% risk of failure)
Confirm with . or Enter, or press ? or * to list all spells.
You create a snake!
You now have 3 arrows.
The gnoll hits you from afar with a +0 halberd.
* * * LOW HITPOINT WARNING * * *
Your ball python bites the gnoll but does no damage.
Your ball python grabs the gnoll.
Your ball python constricts the gnoll.
You aren't carrying any potions.
Unknown command.
Casting: Sticks to Snakes (safe; 3% risk of failure)
Confirm with . or Enter, or press ? or * to list all spells.
You create a snake!
You now have 2 arrows.
The gnoll hits you from afar with a +0 halberd.
You die...

#.................>.##..#
≈.#..####.#####..#..##..# ≈≈#..#
#.# #..#..##..# ≈♣♣♣.#
#.#####..#..##..# ##### ≈P≈♣♣#
#.##........##..# #...#
≈≈≈≈♣♣###.##.#...#.###..# #...#
≈≈≈≈≈♣≈.).....#.....##..###...###
≈P≈P≈♣ ..........###.#..........>
≈♣≈≈≈♣ #.#.#..S♣# #.............
P≈≈≈♣♣ #....#S.)###.###.........
≈≈≈P≈# #....).Sg...## ####...###
♣♣≈.## ##...####.### #...#
P≈#.#######.## #.# #...#
###.....)...#####.# ####.## #
#####.####)..##†# #....#
#.###.....#.# #....#
#.##........# #...##


You could see a gnoll and 3 friendly ball pythons.

Vanquished Creatures
  2 orc priests (D:3)
  3 gnolls (D:3)
  2 adders
  A worm (D:2)
  2 leopard geckos (D:2)
  5 orcs (D:3)
  A giant cockroach (D:1)
  5 goblins
  4 hobgoblins
  6 bats
  9 frilled lizards
  2 kobolds
  5 rats
47 creatures vanquished.

Vanquished Creatures (collateral kills)
  Terence (D:2)
  2 adders (D:2)
  A leopard gecko (D:3)
  A hobgoblin (D:3)
  A bat (D:2)
  2 frilled lizards
8 creatures vanquished.

Grand Total: 55 creatures vanquished

Notes
Turn   | Place    | Note
-------+----------+-------------------------------------------
     0 | D:1      | HereIgoKillingAgain the Demonspawn Transmuter began the
                  | quest for the Orb.
     0 | D:1      | Reached XP level 1. HP: 15/15 MP: 3/3
   169 | D:1      | Reached skill level 2 in Transmutations
   353 | D:1      | Gained mutation: You have large cloven feet. [demonic
                  | ancestry]
   353 | D:1      | Reached XP level 2. HP: 16/21 MP: 5/5
   364 | D:1      | Learned a level 2 spell: Sticks to Snakes
   633 | D:2      | Noticed Terence
   721 | D:2      | Killed Terence
   721 | D:2      | Reached skill level 3 in Transmutations
   721 | D:2      | Reached XP level 3. HP: 18/26 MP: 0/6
  1949 | D:2      | HP: 1/26 [poisoned by an adder]
  2351 | D:2      | Reached XP level 4. HP: 32/32 MP: 5/7
  2367 | D:2      | Reached skill level 4 in Transmutations
  3228 | D:2      | Learned a level 3 spell: Spider Form
  3415 | D:3      | Found a sacrificial altar of Ru.
  3723 | D:3      | Found an ornate altar of the Wu Jian Council.
  3759 | D:3      | Gained mutation: Your flesh is heat resistant. (rF+)
                  | [demonic ancestry]
  3759 | D:3      | Reached XP level 5. HP: 21/37 MP: 1/8
  3830 | D:3      | Reached skill level 5 in Transmutations
  4292 | D:3      | HP: 1/55 [gnoll/+0 halberd (3)]
  4294 | D:3      | Slain by a gnoll

Vault maps used:
D:1:      dpeg_arrival_windows_large_door
D:2:      first_ration, minmay_lizard_king, uniq_terence
D:3:      grunt_temple_overflow_holy_war, nicolae_ru_sacrificial_ziggurat,
          lemuel_coloured_pillars_altar, serial_bayou_lake_a

Skill      XL: |  1  2  3  4  5 |
---------------+----------------+-----
Transmutations | 2 3 4 5 |  5.2
Fighting       | |  1.0
Dodging        | |  1.7
Unarmed Combat | |  2.6
Spellcasting   | |  2.0

Action                   |  1- 3 |  4- 6 || total
-------------------------+-------+-------++-------
Melee: Unarmed           |   115 |    94 ||   209
       Kick              |    15 |     7 ||    22
       Punch             |     2 |     1 ||     3
 Cast: Beastly Appendage |     3 |     1 ||     4
       Sticks to Snakes  |    16 |    11 ||    27
       Spider Form       |       |     6 ||     6
  Use: Potion            |       |     2 ||     2
 Stab: Distracted        |     1 |       ||     1
  Eat: Chunk             |     2 |     4 ||     6
       Ration            |     1 |     1 ||     2
Armor: Robe              |    28 |     7 ||    35
       Skin              |       |    12 ||    12
Dodge: Dodged            |    77 |    83 ||   160

Table legend:
 A = Non-vault XP
 B = Vault XP
 C = Vault XP percentage of total XP
 D = Non-vault monster count
 E = Vault monster count
 F = Vault count percentage of total count
                 A         B        C        D         E       F
            +---------+---------+-------+---------+---------+-------
      Total |     235 |      37 |  13.6 |      48 |       7 |  12.7
            +---------+---------+-------+---------+---------+-------
        D:1 |      19 |       0 |   0.0 |      14 |       0 |   0.0
        D:2 |      52 |      37 |  41.6 |      14 |       7 |  33.3
        D:3 |     164 |       0 |   0.0 |      20 |       0 |   0.0
            +---------+---------+-------+---------+---------+-------
